[Event "Live Chess"]
[Site "Chess.com"]
[Date "2023.05.21"]
[Round "-"]
[White "tpm07"]
[Black "matt1979"]
[Result "0-1"]
[WhiteElo "1948"]
[BlackElo "1499"]
[TimeControl "300"]
[EndTime "20:45:44 PDT"]
[Termination "matt1979 won by resignation"]

1. e4 d6 2. d4 Nf6 3. Nc3 e5 4. Nf3 Nbd7 5. g3 c6 6. Bg2 Be7 7. O-O O-O 8. a4 a6 9. h3 b6 10. Be3 Bb7 11. Nh4 g6 12. f4 exd4 13. Bxd4 c5 14.
Bf2 Ne8 15. Nf3 Bf6 16. Rb1 Bg7 17. Nd5 Nef6 18. Ng5 Nxd5 19. exd5 h6 20. Ne4 Nf6 21. Nxf6+ Qxf6 22. c4 Rfe8 23. Be1 Qd8 24. Bc3 Qd7 25. Bxg7 Kxg7 26. Qd2 Re7 27. Rfe1 Rae8 28. Kf1 Bc8 29.
Rxe7 Rxe7 30. Re1 Qc7 31. Re3 Bf5 32. Qe2 Kf8 33. g4 Bc8 34. Qd3 Rxe3 35. Qxe3 Qe7 36.
Kf2 Qxe3+ 37. Kxe3 Ke7 38. Ke4 Bd7 39. Kd3 Bxa4 40. Kc3 Bd7 41. Kd3 Kd8 42. Ke4 b5 43.
cxb5 axb5 44. Bf3 c4 45. Kd4 Kc7 46. b3 cxb3 47. Kc3 Kb6 48. Kxb3 Ka5 49. h4 b4 50. Bd1 Ba4+ 51. Kb2 Bxd1 0-1

[Event "Live Chess"]
[Site "Chess.com"]
[Date "2023.05.21"]
[Round "-"]
[White "Long1968"]
[Black "VIDYUTGANESH"]
[Result "0-1"]
[WhiteElo "1062"]
[BlackElo "1660"]
[TimeControl "300"]
[EndTime "20:46:06 PDT"]
[Termination "VIDYUTGANESH won on time"]

1. e4 e6 2. d4 Nc6 3. Nc3 Bb4 4. Ne2 Bxc3+ 5. Nxc3 Nge7 6. Be3 O-O 7. Bd3 d5 8. e5 f6 9. exf6 Rxf6 10. O-O e5 11. Bg5 Rf8 12. dxe5 Nxe5 13. Bxe7 Qxe7 14. Nxd5 Qg5 15.
Be2 Bh3 16. g3 Bxf1 17. Qxf1 Nf3+ 18. Kh1 Qxd5 19. Bc4 Qxc4 20. Qxc4+ Kh8 21. Rd1 Ne5 22. Qxc7 Ng4 23. f4 Nf2+ 24. Kg2 Nxd1 25. Qxb7 Ne3+ 26. Kf3 Rae8 27. Qxa7 Nd5 0-1

[Event "Live Chess"]
[Site "Chess.com"]
[Date "2023.05.21"]
[Round "-"]
[White "Singapourfeuj"]
[Black "BostonStrangler"]
[Result "1-0"]
[WhiteElo "2154"]
[BlackElo "2068"]
[TimeControl "300"]
[EndTime "20:46:16 PDT"]
[Termination "Singapourfeuj won on time"]

1. e3 g6 2. c4 Bg7 3. Nc3 c5 4. g3 Nc6 5. Bg2 d6 6. Nge2 e5 7. O-O Nge7 8. Rb1 a5 9. b3 Be6 10. d3 d5 11. cxd5 Nxd5 12. Nxd5 Bxd5 13. Bh3 Bf3 14. Qc2 Rc8 15. Bb2 Rc7 16. Rfe1 O-O 17.
Bg2 Bxg2 18. Kxg2 Nb4 19. Qc4 Qxd3 20. Red1 Qxc4 21. bxc4 e4 22. Bxg7 Kxg7 23. a3 Nd3 24. Rb5 Ne5 25. Rxa5 Nxc4 26. Rb5 Ne5 27. Nc3 f5 28. Rdb1 Rb8 29. Nd5 Rd7 30. Rxc5 Nd3 31. Rcb5 h5 32. Nf4 Ra8 33. Rxb7 Rxb7 34. Rxb7+ Kh6 35. Rb6 Rxa3 36. Rxg6+ Kh7 37. Rg5 Ne1+ 38.
Kh3 Ra2 39. Rxh5+ Kg7 40. Rxf5 Kh7 41. Nd5 Nf3 42. Rf7+ Kg6 43. Rf6+ Kg5 44. Rxf3 exf3 45. Nc3 Rc2 46. Ne4+ Kf5 47. Nd6+ Ke5 48. Nf7+ Kf6 49. Nd6 Ke5 50. Nf7+ Kf6 51. Nd6 Ke6 52. Ne4 Ke5 53.
Ng5 Rxf2 54. Kg4 Rf1 55. Nxf3+ Kf6 56. h4 Ra1 57. e4 1-0

[Event "Live Chess"]
[Site "Chess.com"]
[Date "2023.05.21"]
[Round "-"]
[White "Doge_Dandolo"]
[Black "KeithArkell"]
[Result "0-1"]
[WhiteElo "1917"]
[BlackElo "2571"]
[TimeControl "300"]
[EndTime "20:46:20 PDT"]
[Termination "KeithArkell won by resignation"]

1. Nf3 Nf6 2. c4 c5 3. g3 Nc6 4. d4 cxd4 5. Nxd4 g6 6. Bg2 Bg7 7. Nc3 O-O 8. O-O Nxd4 9. Qxd4 d6 10. Qd3 Nd7 11. Bd2 Ne5 12. Qe4 Bf5 13. Qd4 Nf3+ 0-1

[Event "Live Chess"]
[Site "Chess.com"]
[Date "2023.05.21"]
[Round "-"]
[White "yarek"]
[Black "Tushinskiy"]
[Result "0-1"]
[WhiteElo "1881"]
[BlackElo "2215"]
[TimeControl "300"]
[EndTime "20:47:13 PDT"]
[Termination "Tushinskiy won on time"]

1. e4 e5 2. Nf3 d6 3. d4 Bg4 4.
dxe5 Nd7 5. exd6 Bxd6 6. Be2 Qe7 7. Nc3 Ngf6 8. Bg5 O-O-O 9. h3 Bh5 10. Qd4 Bc5 11. Qa4 Kb8 12. O-O h6 13. Bh4 Ne5 14. Nd5 Rxd5 15. exd5 Nxf3+ 16. Bxf3 Bxf3 17. gxf3 Qe5 18. c4 g5 19. Rae1 Qf4 20. b4 Bd4 21. d6 gxh4 22.
dxc7+ Qxc7 23. Kg2 Rg8+ 24. Kh1 Qc8 25. Kh2 Qf5 0-1

[Event "Live Chess"]
[Site "Chess.com"]
[Date "2023.05.21"]
[Round "-"]
[White "Biranidun"]
[Black "ramses-IIG"]
[Result "1-0"]
[WhiteElo "2524"]
[BlackElo "870"]
[TimeControl "300"]
[EndTime "20:47:22 PDT"]
[Termination "Biranidun won by resignation"]

1. e4 d5 2. exd5 Qxd5 3. Nc3 Qe6+ 4. Be2 Qg6 5. Nf3 Qxg2 6. Rg1 Qh3 7. d4 c6 8. d5 Qd7 9. Ne5 Qd6 10. Bf4 cxd5 11. Nxd5 Be6 12. Bb5+ Nd7 13. Nxd7 Bxd7 14. Bxd6 1-0

[Event "Live Chess"]
[Site "Chess.com"]
[Date "2023.05.21"]
[Round "-"]
[White "garyjc"]
[Black "chessfiction"]
[Result "0-1"]
[WhiteElo "1041"]
[BlackElo "2337"]
[TimeControl "300"]
[EndTime "20:47:37 PDT"]
[Termination "chessfiction won by resignation"]

1. e4 e5 2. Nf3 d5 3. Nxe5 Bd6 4. d4 dxe4 5. Nc3 Nf6 6. Bd3 exd3 7. Qxd3 O-O 8. O-O Nc6 9. Nxc6 bxc6 10. d5 cxd5 11. Nxd5 Nxd5 12. Qxd5 Bxh2+ 13. Kh1 Qxd5 0-1

[Event "Live Chess"]
[Site "Chess.com"]
[Date "2023.05.21"]
[Round "-"]
[White "Conradical12"]
[Black "manthanit"]
[Result "1-0"]
[WhiteElo "1635"]
[BlackElo "1081"]
[TimeControl "300"]
[EndTime "20:49:40 PDT"]
[Termination "Conradical12 won by checkmate"]

1. d4 e6 2. c4 d5 3. Nc3 c5 4.
cxd5 exd5 5. Nf3 Nc6 6. Bf4 a6 7. e3 h6 8. h4 Nf6 9. Rc1 Be7 10.
Bd3 O-O 11. O-O cxd4 12. exd4 Bd6 13. Qd2 Re8 14. Bxh6 Ne4 15. Bxe4 dxe4 16. d5 exf3 17. dxc6 bxc6 18. g3 Qf6 19. Bg5 Qf5 20. Qd1 Be7 21. Bxe7 Rxe7 22. Qd8+ Kh7 23. Qxe7 Qh3 24. Qe4+ g6 25.
Qxf3 Bb7 26. Qxf7+ Kh6 27. Qf4+ Kh7 28. Rcd1 c5 29.
Rd7+ Kh8 30. Qh6+ Kg8 31. Qg7# 1-0

[Event "Live Chess"]
[Site "Chess.com"]
[Date "2023.05.21"]
[Round "-"]
[White "ramses-IIG"]
[Black "chessfiction"]
[Result "0-1"]
[WhiteElo "870"]
[BlackElo "2337"]
[TimeControl "300"]
[EndTime "20:50:41 PDT"]
[Termination "chessfiction won by resignation"]

1. e4 d5 2. Nf3 dxe4 3. Ne5 Nc6 4. Ng4 Nf6 5. Nxf6+ exf6 6. Bb5 Bc5 7. Bxc6+ bxc6 8.
O-O O-O 9. Nc3 Re8 10. Qh5 Bd6 11. Qh4 g5 12. Qh5 Bf5 13. Qe2 Qe7 14. Qa6 Qe5 15. g3 Bh3 16. Re1 Qf5 17. d3 Qf3 0-1

[Event "Live Chess"]
[Site "Chess.com"]
[Date "2023.05.21"]
[Round "-"]
[White "ViktorTheCoolBoy"]
[Black "smoggyrabbit"]
[Result "1-0"]
[WhiteElo "2503"]
[BlackElo "1755"]
[TimeControl "300"]
[EndTime "20:51:16 PDT"]
[Termination "ViktorTheCoolBoy won on time"]

1. d4 e6 2. c4 f5 3. Nc3 Nf6 4. Qc2 Bb4 5. f3 O-O 6. Bd2 Bxc3 7.
Bxc3 d5 8. e3 c6 9. Nh3 Nbd7 10.
Nf4 Qe7 11. h4 e5 12. dxe5 Nxe5 13. cxd5 Nxd5 14. Bd2 Nxf4 15. exf4 Nd3+ 16. Kd1 Nf2+ 17. Kc1 Nxh1 18. Bc4+ Be6 19. Be1 Bxc4 20. Qxc4+ Kh8 21.
Qf1 Rfe8 22. Bc3 Ng3 23. Qf2 Qe3+ 24. Qxe3 Rxe3 25. Kd2 Re2+ 26. Kd3 Rd8+ 27. Kc4 Rxg2 28. Re1 Re2 29. Rg1 Nh5 30. Rg5 Nf6 31. Rxf5 b5+ 32. Kb3 Nd5 33. Be5 a5 34. Rf7 a4+ 35. Ka3 Ra8 36. b4 axb3+ 37. Kxb3 Re3+ 38. Kb2 Rxf3 39. Rxg7 Rf2+ 40. Kc1 Rf1+ 41. Kd2 Rxa2+ 42. Kd3 Rf3+ 43.
Ke4 1-0

[Event "Live Chess"]
[Site "Chess.com"]
[Date "2023.05.21"]
[Round "-"]
[White "Singapourfeuj"]
[Black "KeithArkell"]
[Result "1-0"]
[WhiteElo "2169"]
[BlackElo "2556"]
[TimeControl "300"]
[EndTime "20:51:48 PDT"]
[Termination "Singapourfeuj won by resignation"]

1. Nf3 Nf6 2. d4 b5 3. a4 b4 4. g3 Bb7 5. Bg2 e6 6. O-O c5 7.
c3 Na6 8. Re1 Be7 9. Nbd2 d5 10.
Ne5 O-O 11. dxc5 Bxc5 12. Nb3 Bd6 13. Bf4 bxc3 14. bxc3 Qc7 15. Nd3 Bxf4 16. Nxf4 Qxc3 17. Rc1 Qe5 18. Nd4 Rac8 19. e3 Nc5 20. a5 Ba6 21. Qd2 g5 22. Nh3 Nd3 23. Rxc8 Rxc8 24. Rb1 Ne4 25.
Bxe4 dxe4 26. f4 exf3 27. Nxf3 Qf5 28. Nfxg5 h6 29. e4 Qg4 30. Nxf7 Qxh3 31. Nxh6+ Kg7 32. Qg5+ Kh7 33. Ng4 Rf8 34. Nf6+ Kh8 35. Nh5 1-0

[Event "Live Chess"]
[Site "Chess.com"]
[Date "2023.05.21"]
[Round "-"]
[White "ramses-IIG"]
[Black "Conradical12"]
[Result "0-1"]
[WhiteElo "870"]
[BlackElo "1635"]
[TimeControl "300"]
[EndTime "20:51:57 PDT"]
[Termination "Conradical12 won by resignation"]

1. e4 e5 2. Nf3 Nc6 3. Bc4 Nf6 4. d3 Bc5 5. Ng5 O-O 6. h4 h6 7. c3 d6 8. Nf3 Ng4 9. Bb5 Nxf2 10. Qb3 Be6 11. Bxc6 Bxb3 12. Rf1 0-1

[Event "Live Chess"]
[Site "Chess.com"]
[Date "2023.05.21"]
[Round "-"]
[White "tpm07"]
[Black "Fazer180"]
[Result "1/2-1/2"]
[WhiteElo "1944"]
[BlackElo "1748"]
[TimeControl "300"]
[EndTime "20:52:02 PDT"]
[Termination "Game drawn by agreement"]

1. e4 e6 2. Nf3 d5 3. Nc3 c5 4.
exd5 exd5 5. d4 Nf6 6. Bg5 Be6 7.
Bb5+ Nc6 8. dxc5 h6 9. Bxf6 Qxf6 10. O-O Bxc5 11. Nxd5 Bxd5 12. Qxd5 Be7 13. Nd4 Rc8 14. Nf5 O-O 15. Bxc6 Rxc6 16. Nxe7+ Qxe7 17. c3 Rd8 18. Qb5 Rb6 19. Qa5 Rxb2 20. Qxa7 Rc8 21. Rab1 Rxb1 22.
Rxb1 Rxc3 23. h3 Rc2 24. Qxb7 Qxb7 25. Rxb7 Rxa2 1/2-1/2

[Event "Live Chess"]
[Site "Chess.com"]
[Date "2023.05.21"]
[Round "-"]
[White "Long1968"]
[Black "BostonStrangler"]
[Result "0-1"]
[WhiteElo "1062"]
[BlackElo "2068"]
[TimeControl "300"]
[EndTime "20:53:58 PDT"]
[Termination "BostonStrangler won on time"]

1. e4 c5 2. c3 d5 3. exd5 Qxd5 4. d4 Nc6 5. Nf3 Bg4 6. Be2 cxd4 7. cxd4 e6 8. Nc3 Qd7 9. O-O Nf6 10. Bg5 Be7 11. Ne5 Nxe5 12. dxe5 Qxd1 13. Raxd1 Bxe2 14. Nxe2 Nd7 15.
Bxe7 Kxe7 16. Rd6 Nxe5 17. Rfd1 Rhd8 18. R6d2 Nc4 19. Rxd8 Rxd8 20. Rc1 Rd2 21. b3 Rxe2 22. Kf1 Rxa2 23. Rxc4 Kd7 24. Rg4 g6 25. h4 h5 26.
Rf4 Ke7 27. Rb4 b6 28. Rc4 Ra3 29. b4 b5 30. Rc7+ Kf6 31. Rc5 a6 32. Rc6 Rb3 33.
Rxa6 Rxb4 34. Ke2 Rxh4 0-1

[Event "Live Chess"]
[Site "Chess.com"]
[Date "2023.05.21"]
[Round "-"]
[White "LutherSullivan"]
[Black "raminguy"]
[Result "1-0"]
[WhiteElo "2211"]
[BlackElo "1947"]
[TimeControl "300"]
[EndTime "20:54:25 PDT"]
[Termination "LutherSullivan won on time"]

1. e4 e5 2. Nf3 Nc6 3. Bc4 Bc5 4. d3 Nf6 5. O-O h6 6. Nbd2 O-O 7. c3 a5 8. d4 exd4 9. e5 Ng4 10. Ne4 d5 11. Nxc5 dxc4 12. cxd4 b6 13. Ne4 Bf5 14. Re1 Ncxe5 15.
Nxe5 Nxe5 16. Ng3 Nd3 17. Nxf5 Nxe1 18. Qxe1 Qf6 19. Ng3 Qxd4 20. Rb1 Rfe8 21. Be3 Qf6 22. Qe2 Qg6 23. Rf1 b5 24. h4 f5 25. h5 Qf7 26.
Qf3 Rad8 27. Nxf5 Re5 28. g4 b4 29. Qg3 Rde8 30. Bd4 Rd5 31. Rc1 c5 32. Bxg7 Rxf5 33. gxf5 Qxg7 34. Rxc4 Re1+ 35. Kg2 Qxg3+ 36. Kxg3 Re5 37.
Kf4 Rd5 38. Ke4 Rd2 39. Rxc5 Rxb2 40. Rxa5 Rxf2 41. Ra7 Rh2 42. Ke5 Rxh5 43. Kf6 Rh2 44. Kg6 Rg2+ 45. Kxh6 Kf8 46. Rb7 Rxa2 47. Rxb4 Rf2 48.
Kg6 Ke7 49. Rb7+ Kd6 50. Kf6 Rf1 51. Ra7 1-0

[Event "Live Chess"]
[Site "Chess.com"]
[Date "2023.05.21"]
[Round "-"]
[White "matt1979"]
[Black "VIDYUTGANESH"]
[Result "1/2-1/2"]
[WhiteElo "1502"]
[BlackElo "1657"]
[TimeControl "300"]
[EndTime "20:54:29 PDT"]
[Termination "Game drawn by agreement"]

1. f4 e6 2. Nf3 Ne7 3. e3 d5 4.
b3 f6 5. Bb2 Ng6 6. d3 Be7 7. Be2 O-O 8. O-O f5 9. Ne5 Nxe5 10.
Bxe5 Bf6 11. Bxf6 Qxf6 12. Nd2 Nc6 13. Nf3 e5 14. fxe5 Nxe5 15. Nxe5 Qxe5 16. Qd2 Re8 17.
Rf3 d4 18. e4 fxe4 19. dxe4 Qxe4 20. Re1 Kh8 21. Rff1 Bg4 22. Bd3 Qd5 23. Qf4 Rxe1 24. Rxe1 Be6 25. Bc4 Qf5 26. Qxf5 Bxf5 27. Re7 Bxc2 28.
Rxc7 d3 29. Rd7 Bb1 30. Bxd3 Bxa2 31. Rxb7 a5 32. Be4 Re8 33. Bd5 a4 34. Bf7 Rf8 35. Bc4 h6 36. Rb4 axb3 37. Bxb3 Bxb3 38. Rxb3 1/2-1/2

[Event "Live Chess"]
[Site "Chess.com"]
[Date "2023.05.21"]
[Round "-"]
[White "smoggyrabbit"]
[Black "therealab0ne"]
[Result "1-0"]
[WhiteElo "1755"]
[BlackElo "731"]
[TimeControl "300"]
[EndTime "20:54:40 PDT"]
[Termination "smoggyrabbit won by resignation"]

1. d4 d5 2. Nf3 e6 3. e3 c5 4.
b3 Nc6 5. Bd3 Bd6 6. O-O Nf6 7.
Bb2 O-O 8. Nbd2 e5 9. dxe5 Nxe5 10. Nxe5 Bxe5 11. Bxe5 Re8 12. Bb2 Ne4 13. Nxe4 dxe4 14.
Bc4 Qxd1 15. Raxd1 b6 16. Bb5 1-0

[Event "Live Chess"]
[Site "Chess.com"]
[Date "2023.05.21"]
[Round "-"]
[White "mirandaasilva"]
[Black "Doge_Dandolo"]
[Result "0-1"]
[WhiteElo "1690"]
[BlackElo "1920"]
[TimeControl "300"]
[EndTime "20:55:08 PDT"]
[Termination "Doge_Dandolo won by resignation"]

1. Nf3 Nf6 2. c4 c5 3. Nc3 e6 4.
d4 cxd4 5. Nxd4 b6 6. e3 Bb7 7. Be2 a6 8. O-O d6 9. b3 Nbd7 10. Bb2 Qc7 11. Rc1 Be7 12. Bf3 O-O 13. Bxb7 Qxb7 14. Nf3 Rfd8 15. Qd3 Nc5 16. Qe2 Rac8 17. Rfd1 Bf8 18. Rd2 b5 19. cxb5 axb5 20. Qxb5 Qxb5 21. Nxb5 Nce4 22. Rxc8 Rxc8 23. Rd1 Rc2 24. Ba3 d5 25. Bxf8 Kxf8 26. a4 Nxf2 27. Ra1 N2e4 28. a5 Nc5 29. a6 Nxa6 30. Rxa6 Rb2 31. Nbd4 Ne4 32. Ra1 Ke7 33. b4 Kd6 34. b5 e5 35.
Ra6+ Kc5 36. Rc6+ Kb4 37. Nc2+ Kxb5 38. Rc8 Rb1+ 39. Nfe1 d4 40. Rb8+ Kc4 41. Rxb1 d3 42. Na3+ Kc3 43. Nb5+ Kd2 44. Kf1 Kxe3 45. Rb3 Nd2+ 46. Kg1 Nxb3 47. Nxd3 Kxd3 48. Kf2 e4 49. Nd6 f6 50. Ke1 g6 51. Ne8 f5 52. Nd6 f4 53. h4 h6 54. Nf7 g5 55. hxg5 hxg5 56. Nxg5 Nd4 57. Nh3 Ke3 58. Ng5 Nf5 59. Nh3 Nh4 60.
Ng5 Nxg2+ 61. Kf1 Nh4 62. Nh3 Nf3 63. Ng1 Nxg1 64. Ke1 Nf3+ 0-1

[Event "Live Chess"]
[Site "Chess.com"]
[Date "2023.05.21"]
[Round "-"]
[White "Singapourfeuj"]
[Black "Pablo_dmp"]
[Result "1-0"]
[WhiteElo "2171"]
[BlackElo "1850"]
[TimeControl "300"]
[EndTime "20:55:10 PDT"]
[Termination "Singapourfeuj won by checkmate"]

1. d4 Nf6 2. Nf3 e6 3. g3 b6 4. Bg2 Bb7 5. O-O g6 6. c4 Bg7 7. Nc3 d6 8. Re1 O-O 9. e4 Nbd7 10. Bg5 h6 11. Be3 e5 12. d5 Ng4 13. Bd2 f5 14.
exf5 gxf5 15. h3 Ngf6 16. Nh4 Qe8 17. Nxf5 Nc5 18. Nxg7 Kxg7 19. f4 e4 20. b4 Nd3 21.
Rxe4 Nxe4 22. Nxe4 Qg6 23. Bc3+ Kg8 24. Qxd3 Rae8 25.
Re1 Bc8 26. Qd4 Qh7 27. Nf6+ Rxf6 28. Rxe8+ Kf7 29. Rxc8 Rg6 30. Rxc7+ Kg8 31. Rxh7 Rf6 32. Qxf6 h5 33. Qf7# 1-0

[Event "Live Chess"]
[Site "Chess.com"]
[Date "2023.05.21"]
[Round "-"]
[White "Tushinskiy"]
[Black "Biranidun"]
[Result "0-1"]
[WhiteElo "2213"]
[BlackElo "2528"]
[TimeControl "300"]
[EndTime "20:55:41 PDT"]
[Termination "Biranidun won by resignation"]

1. d4 Nf6 2. c3 g6 3. Nf3 Bg7 4.
Bg5 O-O 5. Nbd2 d6 6. e4 c5 7. d5 h6 8. Bh4 e6 9. dxe6 Bxe6 10. Be2 Nc6 11. O-O Qc7 12. Qc2 Rfe8 13. Rad1 a6 14.
Bg3 Nh5 15. Rfe1 b5 16. Nf1 Nxg3 17. hxg3 Ne7 18. Ne3 Rad8 19. a4 Qb7 20. axb5 axb5 21. Rd2 d5 22. exd5 Nxd5 23. Nxd5 Rxd5 24. Rxd5 Bxd5 25.
Bf1 Rxe1 26. Nxe1 b4 27. Nd3 bxc3 28. bxc3 c4 29. Nb4 Be6 30. Qd2 Qc7 31. Nc2 Qc5 32. Ne3 Kh7 33. Be2 h5 34. g4 h4 35. Bf1 Be5 36.
Be2 Kg7 37. Bf1 Qb5 38. Qe1 Bf6 39. Qe2 Bxc3 40. Nxc4 Qg5 41. Ne3 Be5 42. Qb5 Qf4 43.
Bc4 Bc8 44. Qc5 Bb7 45. Qe7 Be4 46. Bxf7 Qh2+ 47. Kf1 Bd3+ 48. Ke1 Bc3+ 49. Kd1 Qg1+ 0-1

[Event "Live Chess"]
[Site "Chess.com"]
[Date "2023.05.21"]
[Round "-"]
[White "ViktorTheCoolBoy"]
[Black "chessfiction"]
[Result "0-1"]
[WhiteElo "2491"]
[BlackElo "2349"]
[TimeControl "300"]
[EndTime "20:57:59 PDT"]
[Termination "chessfiction won by checkmate"]

1. e4 e6 2. d4 d5 3. e5 c5 4. c3 Nc6 5. Nf3 Qb6 6. Bd3 cxd4 7. O-O Bd7 8. Re1 dxc3 9. bxc3 Bc5 10. Qe2 Nge7 11. h4 Nf5 12. a4 Nce7 13. a5 Qc7 14. Ba3 h5 15. Nbd2 g6 16. c4 Bxa3 17. Rxa3 Bc6 18.
cxd5 Nxd5 19. Bxf5 gxf5 20. Nc4 O-O-O 21. Rc1 Rhg8 22.
Nd6+ Rxd6 23. exd6 Qxd6 24. a6 Qxa3 25. axb7+ Kxb7 26.
Rb1+ Ka8 27. Qe5 Bb7 28. Kh1 Nb6 29. Ng5 Rxg5 30. hxg5 Qh3+ 31. Qh2 Bxg2+ 32. Kg1 Qxh2+ 33. Kxh2 Be4 34. Kg3 Bxb1 35. Kh4 a5 36. Kxh5 a4 37. Kh6 a3 38. Kg7 a2 39. Kxf7 a1=Q 40. g6 Qh8 41. g7 Qh7 42. Kf8 Nd7+ 43. Kf7 e5 44. f4 Ba2+ 45.
Ke8 Qxg7 46. fxe5 Qxe5+ 47. Kxd7 f4 48. Kc8 f3 49. Kd7 f2 50. Kc8 f1=Q 51. Kd7 Qf7+ 52. Kc8 Qec7# 0-1

[Event "Live Chess"]
[Site "Chess.com"]
[Date "2023.05.21"]
[Round "-"]
[White "ExIsambard"]
[Black "yarek"]
[Result "1-0"]
[WhiteElo "1925"]
[BlackElo "1874"]
[TimeControl "300"]
[EndTime "20:58:45 PDT"]
[Termination "ExIsambard won on time"]

1. d4 g6 2. Nf3 Bg7 3. Bg5 h6 4. Bh4 g5 5. Bg3 d5 6. e3 Bg4 7. Nbd2 Nf6 8. c3 e6 9. Bd3 Nbd7 10. h3 Bxf3 11. Nxf3 c5 12. Qe2 c4 13. Bc2 b5 14.
Be5 Nxe5 15. Nxe5 Qd6 16. O-O h5 17. e4 g4 18. h4 O-O 19. Rae1 b4 20. Qe3 Nh7 21.
exd5 exd5 22. Qg5 Qh6 23. Bxh7+ Kxh7 24. Qf5+ Kg8 25. Nd7 Rfd8 26. Re7 Qg6 27. Qxd5 Bf6 28. Nxf6+ Qxf6 29. Rd7 Rxd7 30. Qxd7 bxc3 31. bxc3 Qxh4 32. Re1 g3 33. fxg3 Qxg3 34. Re8+ Rxe8 35. Qxe8+ Kg7 36. Qe2 Qxc3 37. Qe5+ Kg6 38. Qe4+ Kg7 39. d5 Qd3 40. Qe5+ f6 41. Qe7+ Kg6 42. d6 Qd4+ 43. Kf1 Qf4+ 44. Ke1 Qc1+ 45. Kf2 Qd2+ 46. Kf3 Qd3+ 47. Kf4 Qd4+ 48.
Qe4+ Qxe4+ 49. Kxe4 Kf7 50. Kd4 Ke6 51. Kxc4 Kxd6 52.
Kd4 f5 53. Ke3 1-0

[Event "Live Chess"]
[Site "Chess.com"]
[Date "2023.05.21"]
[Round "-"]
[White "therealab0ne"]
[Black "raminguy"]
[Result "1-0"]
[WhiteElo "747"]
[BlackElo "1931"]
[TimeControl "300"]
[EndTime "20:59:07 PDT"]
[Termination "therealab0ne won - game abandoned"]

1. e4 e5 2. Bc4 Nc6 3. Nc3 Nf6 4. d3 Na5 5. Bb3 Nxb3 6. axb3 Bc5 7. f4 d6 8. Nf3 Bg4 9. f5 O-O 10. h3 Bxf3 11.
Qxf3 c6 12. Be3 Bxe3 13. Qxe3 d5 14. exd5 cxd5 15. Qxe5 Re8 16. Qxe8+ Qxe8+ 17. Kd2 Qe5 18. Rhf1 d4 19. Ne4 1-0

[Event "Live Chess"]
[Site "Chess.com"]
[Date "2023.05.21"]
[Round "-"]
[White "BostonStrangler"]
[Black "ramses-IIG"]
[Result "1-0"]
[WhiteElo "2068"]
[BlackElo "870"]
[TimeControl "300"]
[EndTime "20:59:38 PDT"]
[Termination "BostonStrangler won by checkmate"]

1. Nf3 d5 2. c4 e6 3. g3 Nc6 4.
Bg2 e5 5. cxd5 Qxd5 6. Nc3 Qc5 7. O-O Bg4 8. d3 Nf6 9. Be3 Qb4 10. Qd2 Bc5 11. a3 Qb6 12. Na4 Bxe3 13. Nxb6 Bxd2 14. Nxa8 Bxf3 15. Bxf3 O-O 16. Nxc7 Na5 17. b4 Nc6 18. Nd5 Nxd5 19. Bxd5 Bc3 20. Ra2 Rd8 21. Bxc6 bxc6 22. Rc2 Bd4 23. Rxc6 f6 24. Kg2 h6 25. a4 Kh7 26. b5 Bb6 27. Ra1 Kg6 28. a5 Bd4 29. Rb1 Rb8 30. e3 Bxe3 31. fxe3 Kf5 32. Rc7 a6 33. b6 g6 34. Rc6 g5 35. e4+ Kg6 36.
Rf1 Kh5 37. Rfxf6 Rh8 38. h3 g4 39. Rf5# 1-0

[Event "Live Chess"]
[Site "Chess.com"]
[Date "2023.05.21"]
[Round "-"]
[White "Fazer180"]
[Black "Conradical12"]
[Result "0-1"]
[WhiteElo "1738"]
[BlackElo "1645"]
[TimeControl "300"]
[EndTime "21:00:20 PDT"]
[Termination "Conradical12 won by resignation"]

1. e4 e5 2. Nf3 Nc6 3. d4 exd4 4. Nxd4 Nf6 5. Nc3 Bc5 6. Be3 Bxd4 7. Bxd4 O-O 8. Bc4 Re8 9. f3 d5 10. Bxf6 Qxf6 11. Bxd5 Nb4 12. O-O c6 13. Bb3 Qg6 14. a3 Bh3 15. Qe2 Na6 16. Kh1 Be6 17. Bxe6 Rxe6 18. Rfd1 Nc7 19. Rd7 Ne8 20. Rxb7 Nf6 21. Rd1 Nh5 22. Rbd7 Qh6 23. Kg1 Nf4 24. Qf2 Rf8 25.
Rxa7 Rg6 26. h4 Nh3+ 27. Kf1 Nxf2 28. Kxf2 Qxh4+ 29. Ke2 Rxg2+ 30. Kd3 Qf2 31. Kc4 Qxf3 32. Rdd7 Qf1+ 33. Kb3 Rb8+ 34. Ka4 Qc4+ 35. Ka5 Rg5+ 0-1

[Event "Live Chess"]
[Site "Chess.com"]
[Date "2023.05.21"]
[Round "-"]
[White "mirandaasilva"]
[Black "Singapourfeuj"]
[Result "0-1"]
[WhiteElo "1689"]
[BlackElo "2172"]
[TimeControl "300"]
[EndTime "21:01:41 PDT"]
[Termination "Singapourfeuj won by checkmate"]

1. Nf3 Nf6 2. c4 g6 3. e3 Bg7 4.
d4 O-O 5. Be2 d5 6. cxd5 Nxd5 7.
O-O c5 8. Nc3 cxd4 9. Nxd4 Nxc3 10. bxc3 Nc6 11. Nxc6 bxc6 12. Qa4 Bf5 13. Ba3 Qc7 14.
Rac1 Rfd8 15. Bf3 Rac8 16. Bc5 Rd7 17. c4 e5 18. e4 Be6 19. Rfd1 Rcd8 20. h3 h5 21. Be2 Rxd1+ 22. Rxd1 Rxd1+ 23. Bxd1 a5 24. Be3 Bf8 25. c5 Qb7 26. Bb3 Bxb3 27. axb3 Qb4 28. Qa2 Bxc5 29. Bd2 Qb5 30. Qxa5 Kg7 31. Qc7 Bd4 32.
Qa5 Qe2 33. Be1 Qxe4 34. b4 Qxe1+ 35. Kh2 Qe4 36. Qa8 Bxf2 37. Qb7 Qf4+ 38. Kh1 Qc1+ 39. Kh2 Qg1# 0-1

[Event "Live Chess"]
[Site "Chess.com"]
[Date "2023.05.21"]
[Round "-"]
[White "Doge_Dandolo"]
[Black "smoggyrabbit"]
[Result "1-0"]
[WhiteElo "1924"]
[BlackElo "1750"]
[TimeControl "300"]
[EndTime "21:02:33 PDT"]
[Termination "Doge_Dandolo won on time"]

1. Nf3 e6 2. c4 f5 3. d3 Nf6 4. g3 Be7 5. Bg2 O-O 6. O-O d6 7. Nc3 e5 8. Bg5 Nbd7 9. b4 h6 10. Bd2 Qe8 11. Rc1 c6 12. b5 Nb6 13. a4 c5 14. a5 Nbd7 15. Ne1 Rb8 16. Nc2 Ng4 17. Nd5 Ngf6 18. Nce3 Nxd5 19. Nxd5 Nf6 20. Qc2 Bd8 21. f4 exf4 22. Bxf4 Nxd5 23. Bxd5+ Be6 24. Bxd6 Bxd5 25.
cxd5 Qe3+ 26. Rf2 Bf6 27. Bxb8 Rxb8 28. Kg2 Bd4 29. Rf3 Qe5 30. Re1 Qxd5 31. Qc4 Qxc4 32. dxc4 Re8 33. e3 Bc3 34. Re2 1-0

[Event "Live Chess"]
[Site "Chess.com"]
[Date "2023.05.21"]
[Round "-"]
[White "LutherSullivan"]
[Black "Long1968"]
[Result "1-0"]
[WhiteElo "2211"]
[BlackElo "1062"]
[TimeControl "300"]
[EndTime "21:02:39 PDT"]
[Termination "LutherSullivan won on time"]

1. d4 Nf6 2. Nf3 e6 3. Bg5 Be7 4. Nbd2 O-O 5. e4 h6 6. Bh4 Nc6 7. c3 d5 8. e5 Nd7 9. Bxe7 Qxe7 10. Bd3 f6 11. exf6 Qxf6 12. O-O e5 13. dxe5 Ndxe5 14. Nxe5 Nxe5 15. Be2 Bd7 16. Nf3 Bc6 17. Qd4 Nxf3+ 18.
Bxf3 Rad8 19. Rad1 Bb5 20. Bxd5+ Kh8 21. Qxf6 Rxf6 22. c4 Rfd6 23. b3 c6 24. Bf3 Ba6 25.
Rxd6 Rxd6 26. Rd1 1-0

[Event "Live Chess"]
[Site "Chess.com"]
[Date "2023.05.21"]
[Round "-"]
[White "raminguy"]
[Black "Pablo_dmp"]
[Result "1-0"]
[WhiteElo "1937"]
[BlackElo "1844"]
[TimeControl "300"]
[EndTime "21:02:53 PDT"]
[Termination "raminguy won by resignation"]

1. d4 Nf6 2. Nc3 e6 3. e4 d5 4.
Bg5 h6 5. Bxf6 Qxf6 6. exd5 exd5 7. Nxd5 Qe6+ 8. Ne3 Bd6 9. Nf3 Nd7 10. Be2 Nf6 11.
O-O g5 12. Bc4 Qd7 13. Ne5 Bxe5 14. dxe5 Nh5 15. Nd5 c6 16. Qxh5 cxd5 17. Rad1 dxc4 18. Rxd7 Bxd7 19. Rd1 Be6 20. Rd6 Rd8 21. Rxe6+ Kf8 22. Rd6 1-0

[Event "Live Chess"]
[Site "Chess.com"]
[Date "2023.05.21"]
[Round "-"]
[White "Conradical12"]
[Black "BostonStrangler"]
[Result "0-1"]
[WhiteElo "1644"]
[BlackElo "2069"]
[TimeControl "300"]
[EndTime "21:03:14 PDT"]
[Termination "BostonStrangler won by checkmate"]

1. e4 c5 2. Nf3 g6 3. Nc3 Nc6 4. Bc4 Bg7 5. d3 a6 6. Be3 d6 7. a4 e6 8. Qd2 Nd4 9. O-O-O Bd7 10.
Ne2 Nxf3 11. gxf3 b5 12. Ba2 bxa4 13. f4 Qb6 14. Nc3 Rb8 15. b3 axb3 16. Bxb3 Qb4 17.
f5 Bxc3 18. Qe2 Qa3+ 19. Kb1 Qb2# 0-1